 Dungeon Crawl Stone Soup version 0.23.2-1-ga50397a6bc (webtiles) character file.

Game seed: 3714846934290245796

354 Foic the Ruffian (level 6, -4/61 HPs)
             Began as a Troll Fighter on May 14, 2019.
             Slain by an ice beast (12 damage)
             ... on level 5 of the Dungeon.
             The game lasted 00:08:32 (2257 turns).

Foic the Ruffian (Troll Fighter)                    Turns: 2257, Time: 00:08:32

Health: -4/61      AC:  7    Str: 25    XL:     6   Next: 35%
Magic:  5/5        EV: 11    Int:  4    God:
Gold:   98         SH:  0    Dex: 11    Spells: 5/5 levels left

rFire    . . .     SeeInvis .     - Unarmed
rCold    . . .     Gourm    +   (no shield)
rNeg     . . .     Faith    .   a - +1 robe
rPois    .         Spirit   .   (helmet restricted)
rElec    .         Reflect  .   q - scarf {cloud immunity}
rCorr    .         Harm     .   (gloves unavailable)
MR       .....                  (boots unavailable)
Stlth    +.........             (no amulet)
HPRegen  0.60/turn              (no ring)
MPRegen  0.09/turn              (no ring)

@: confused, lethally poisoned (-4 -> -4)
A: large, unfitting armour, claws 3, fast metabolism 3, gourmand, regeneration
1, shaggy fur 1, tough skin 3
a: no special abilities


You were on level 5 of the Dungeon.
You were completely stuffed.

You visited 1 branch of the dungeon, and saw 4 of its levels.

You collected 98 gold pieces.

Inventory:

Missiles
 i - 20 stones (quivered)
 l - 6 tomahawks
Armour
 a - a +1 robe (worn)
 b - a +0 shield
 q - a scarf of cloud immunity (worn)
Scrolls
 f - 2 scrolls of amnesia
 j - 3 scrolls of remove curse
 k - a scroll of teleportation
 m - a scroll of magic mapping
Potions
 c - 2 potions of might
Comestibles
 d - 8 rations
 n - a chunk of flesh


   Skills:
 * Level 3.5 Fighting
 + Level 3.7 Dodging
 - Level 2.4 Shields
 + Level 4.9 Unarmed Combat


You had 5 spell levels left.
You didn't know any spells.
Your spell library was empty.

Dungeon Overview and Level Annotations

Branches:
Dungeon (3/15)

Altars:
Okawaru


Innate Abilities, Weirdness & Mutations

You are too large for most types of armour.
You have claws for hands.
Your metabolism is lightning-fast.
You like to eat raw meat.
Your natural rate of healing is unusually fast.
You are covered in fur. (AC +1)
You have extremely tough skin. (AC +3)


Message History

Found a ration.
You feel sick. The hound bites you.
* * * LOW HITPOINT WARNING * * *
The phantom blinks!
The hound barely misses you.
Things that are here:
a stone; a javelin You feel sick.
The hound bites you.
* * * LOW HITPOINT WARNING * * *
The ice beast hits you but does no damage.
The hound closely misses you.
You see here a javelin.
You feel sick. The hound barely misses you.
It was a potion of ambrosia.
You are confused.
You feel invigorated. The hound bites you but does no damage.
The ice beast barely misses you. The hound closely misses you.
The ice beast hits you.
* * * LOW HITPOINT WARNING * * *
The ice beast freezes you!
You die...

.............# ..#
#........(...# %.#
...####...(..#####..#
.. ######(.......#
..#########........#
...........(.......#
...........(.......#
#........(.....(...#
#...%..@Y..o..!....#
#...?...h(.(W......#
#.......[..........#
###########...$....#
##########


You could see a phantom, an ice beast, a hound and an orc.

Vanquished Creatures
  Grinder (D:3)
  An orc priest (D:3)
  5 adders
  An ooze (D:1)
  2 dart slugs
  4 leopard geckos
  5 orcs (D:3)
  2 giant cockroaches (D:2)
  7 goblins
  6 hobgoblins
  4 bats
  4 frilled lizards
  7 kobolds
  A quokka zombie (D:5)
  12 rats
62 creatures vanquished.

Notes
Turn   | Place    | Note
-------+----------+-------------------------------------------
     0 | D:1      | Foic the Troll Fighter began the quest for the Orb.
     0 | D:1      | Reached XP level 1. HP: 22/22 MP: 0/0
    39 | D:1      | Reached XP level 2. HP: 29/29 MP: 1/1
  1101 | D:2      | Reached XP level 3. HP: 35/36 MP: 2/2
  1266 | D:2      | Found an iron altar of Okawaru.
  1476 | D:2      | Reached skill level 3 in Unarmed Combat
  1483 | D:2      | Reached XP level 4. HP: 44/44 MP: 3/3
  2047 | D:3      | Noticed Grinder
  2077 | D:3      | Killed Grinder
  2077 | D:3      | Reached skill level 4 in Unarmed Combat
  2077 | D:3      | Reached XP level 5. HP: 19/53 MP: 4/4
  2077 | D:3      | Reached XP level 6. HP: 22/61 MP: 5/5
  2170 | D:3      | You fall through a shaft for 2 floors!
  2170 | D:5      | Entered Level 5 of the Dungeon
  2190 | D:5      | Noticed an ice beast
  2252 | D:5      | HP: 2/61 [hound (4)]
  2257 | D:5      | Slain by an ice beast

Skill      XL: |  1  2  3  4 |
---------------+-------------+-----
Dodging        | 3 |  3.7
Unarmed Combat | 3 4 |  4.9
Fighting       | 3 |  3.5
Shields        | |  2.4

Action                   |  1- 3 |  4- 6 || total
-------------------------+-------+-------++-------
Melee: Unarmed           |    95 |    97 ||   192
       Punch             |       |     1 ||     1
Throw: Javelin           |       |     9 ||     9
       Stone             |       |    19 ||    19
  Use: Scroll            |       |     7 ||     7
       Potion            |       |     1 ||     1
 Stab: Sleeping          |       |     1 ||     1
  Eat: Chunk             |    19 |     7 ||    26
Armor: Robe              |    37 |    34 ||    71
Dodge: Dodged            |    61 |    60 ||   121
